Sarnia Sailors vs Fort Wayne Komets
Created - Friday, October 6, 2023 at 07:22
Goals
|
| Sarnia Sailors |
1 |
3 |
2 |
6 |
| Fort Wayne Komets |
1 |
0 |
4 |
5 |
|
Shots
|
| Sarnia Sailors |
7 |
17 |
11 |
35 |
| Fort Wayne Komets |
7 |
9 |
20 |
36 |
|
1st period
1. Sarnia Sailors , Aleksi Heponiemi 15 (Jesse Puljujarvi 14) at 3:49 (PP)
2. Fort Wayne Komets , Nils Aman 4 (Brandon Duhaime 6) at 19:34
Penalties :
Brett Murray (FWK) for Interference (Minor) at 0:22, Tye Kartye (FWK) for Hooking (Minor) at 3:28, Mason Shaw (FWK) for Fighting (Major) at 9:19, Lucas Edmonds (SAR) for Fighting (Major) at 9:19
2nd period
3. Sarnia Sailors , Jesse Puljujarvi 15 (Cole Reinhardt 16) at 2:22 (PP)
4. Sarnia Sailors , Jesse Puljujarvi 16 (Brad Lambert 6) at 6:38 (PP)
5. Sarnia Sailors , Keegan Kolesar 19 (Tristen Nielsen 20) at 17:07 (PP)
Penalties :
Mason Shaw (FWK) for Slashing (Minor) at 1:52, Otto Koivula (FWK) for Holding (Minor) at 5:24, Mason Shaw (FWK) for Fighting (Major) at 8:26, Cole Reinhardt (SAR) for Fighting (Major) at 8:26, Cole Reinhardt (SAR) for instigated a fight (Minor) at 8:26, Cole Reinhardt (SAR) for instigated a fight (10 Minutes Misconduct) at 8:26, Brandon Duhaime (FWK) for Hooking (Minor) at 17:05, Adam Erne (SAR) for Roughing (Minor) at 17:48
3rd period
6. Sarnia Sailors , Tristen Nielsen 9 (Lucas Edmonds 11, Cole Reinhardt 17) at 5:40
7. Fort Wayne Komets , Alex Steeves 6 (Brett Murray 15, Louis Crevier 10) at 10:17
8. Fort Wayne Komets , Jaret Anderson-Dolan 15 (Juuso Parssinen 16, Alex Steeves 17) at 12:31 (PP)
9. Sarnia Sailors , Dominic Toninato 3 (Brad Lambert 7, Daniel Torgersson 2) at 14:27
10. Fort Wayne Komets , Mason Shaw 6 (Henry Rybinski 6) at 14:44
11. Fort Wayne Komets , Adam Klapka 5 (Casey Fitzgerald 4, Henry Rybinski 7) at 17:15
Penalties :
Juuso Parssinen (FWK) for Fighting (Major) at 5:41, Keegan Kolesar (SAR) for Fighting (Major) at 5:41, Alex Steeves (FWK) for High sticking (Minor) at 6:24, Adam Erne (SAR) for Hooking (Minor) at 12:13
Goalie Stats
Remi Poirier (SAR), 31 saves from 36 shots - (0.861), W, 2-3-0, 60:00 minutes
Taylor Gauthier (FWK), 29 saves from 35 shots - (0.829), L, 8-14-0, 59:23 minutes
Players Stats for Sarnia Sailors
Player Name G A P +/- PIM S H SB GA TA FO MP PP MP PK MP
------------------------------------------------------------------------------------
Adam Erne 0 0 0 0 4 0 3 1 0 0 0/2 17:01 0:00 0:58
Adam Ginning 0 0 0 0 0 2 2 0 0 3 0/0 20:59 2:07 2:28
Aleksi Heponiemi 1 0 1 0 0 3 2 1 0 0 8/12 17:03 2:33 0:28
Brad Lambert 0 2 2 -1 0 0 1 0 0 1 0/2 13:56 2:46 0:46
Cole Reinhardt 0 2 2 0 17 4 0 0 1 0 0/0 11:09 2:33 0:00
Daniel Torgersson 0 1 1 -1 0 0 1 0 0 0 0/0 6:24 0:00 0:00
Declan Chisholm 0 0 0 -2 0 0 1 0 0 0 0/0 21:11 0:00 1:48
Dominic Toninato 1 0 1 -1 0 1 0 0 0 1 1/1 8:56 0:00 1:55
Jack Rathbone 0 0 0 -2 0 2 1 3 0 0 0/0 28:05 3:58 2:26
Jamie Drysdale 0 0 0 0 0 0 1 0 0 0 0/0 17:18 3:58 0:00
Jesse Puljujarvi 2 1 3 0 0 7 1 0 1 1 0/0 16:34 2:33 0:00
Keegan Kolesar 1 0 1 -1 5 4 1 1 1 0 2/3 18:02 2:23 0:28
Kevin Stenlund 0 0 0 -1 0 5 1 0 1 0 19/34 20:21 0:00 2:13
Lucas Edmonds 0 1 1 0 5 1 0 0 0 1 0/0 11:23 0:14 0:19
Robert Hamilton 0 0 0 0 0 0 1 0 0 0 0/0 16:20 0:16 1:48
Tristen Nielsen 1 1 2 0 0 4 3 1 1 1 9/18 15:52 3:32 0:09
Vasily Podkolzin 0 0 0 -1 0 2 0 3 1 1 1/2 21:11 3:32 1:16
Zach Uens 0 0 0 0 0 0 1 0 0 0 0/0 13:54 0:00 0:02
Players Stats for Fort Wayne Komets
Player Name G A P +/- PIM S H SB GA TA FO MP PP MP PK MP
------------------------------------------------------------------------------------
Adam Klapka 1 0 1 2 0 2 4 1 0 1 9/18 17:02 0:00 3:18
Albert Johansson 0 0 0 1 0 0 0 0 0 0 0/0 10:39 0:00 0:00
Alex Steeves 1 1 2 1 2 1 1 0 1 0 1/1 16:06 2:11 0:00
Brandon Duhaime 0 1 1 -1 2 2 0 1 0 0 0/0 11:34 0:00 2:56
Brett Murray 0 1 1 1 2 1 1 0 2 0 1/1 16:15 2:05 0:00
Casey Fitzgerald 0 1 1 1 0 2 0 0 0 1 0/0 15:42 2:15 2:57
Egor Afanasyev 0 0 0 -1 0 0 0 0 0 0 0/0 8:25 0:00 0:00
Henry Rybinski 0 2 2 2 0 2 0 1 0 0 2/3 13:37 0:00 0:00
Jaret Anderson-Dolan 1 0 1 0 0 3 0 0 1 1 1/2 16:07 2:05 0:00
Juuso Parssinen 0 1 1 0 5 2 1 0 2 0 8/17 15:08 2:11 0:00
Louis Crevier 0 1 1 0 0 1 1 4 0 0 0/0 24:00 2:15 2:57
Mason Shaw 1 0 1 2 12 9 0 0 1 0 3/6 14:04 0:00 2:40
Nils Aman 1 0 1 -1 0 3 2 0 1 1 5/13 12:14 0:19 3:07
Otto Koivula 0 0 0 0 2 2 0 0 0 1 4/11 14:48 1:52 0:00
Peetro Seppala 0 0 0 1 0 1 2 1 0 0 0/0 18:45 0:00 0:00
Tim Berni 0 0 0 0 0 2 3 4 1 0 0/0 25:33 2:01 3:08
Tye Kartye 0 0 0 1 2 0 2 1 0 1 0/2 18:26 2:05 0:09
William Borgen 0 0 0 1 0 3 1 3 0 0 0/0 25:21 2:01 3:08
3 Stars
1 - Jesse Puljujarvi (SAR)
2 - Tristen Nielsen (SAR)
3 - Adam Klapka (FWK)
Power Play
Sarnia Sailors - 4 on 6 Attempt(s) - 66.67%
Fort Wayne Komets - 1 on 3 Attempt(s) - 33.33%
Penalty Kill
Sarnia Sailors - 2 on 3 Attempt(s) - 66.67%
- Score 0 goal in Penalty Kill
Fort Wayne Komets - 2 on 6 Attempt(s) - 33.33%
- Score 0 goal in Penalty Kill
Team Stat
Sarnia Sailors - Hits : 20 - Faceoff Wins : 40 - Blocked Shots : 10 - Penalty Minutes : 31
Fort Wayne Komets - Hits : 18 - Faceoff Wins : 34 - Blocked Shots : 16 - Penalty Minutes : 27
Official
Referees : Ghislain Hebert and TJ Luxmore
Linesman : John Grandt and Darren Gibbs
Game Notes
Mason Shaw beats up Lucas Edmonds at 9:19 of 1st period
Mason Shaw and Cole Reinhardt fight to a draw at 8:26 of 2nd period
Juuso Parssinen and Keegan Kolesar fight to a draw at 5:41 of 3rd period
Sarnia Sailors
5 vs 5 Forward
Center Left Wing Right Wing Time % Phy DF OF
1 Kevin Stenlund Vasily Podkolzin Keegan Kolesar 40 2 1 2
2 Aleksi Heponiemi Adam Erne Jesse Puljujarvi 30 2 1 2
3 Tristen Nielsen Cole Reinhardt Lucas Edmonds 20 1 2 2
4 Dominic Toninato Daniel Torgersson Brad Lambert 10 2 1 2
5 vs 5 Defense
Defense Defense Time % Phy DF OF
1 Declan Chisholm Jack Rathbone 40 1 2 2
2 Jamie Drysdale Adam Ginning 30 2 1 2
3 Zach Uens Robert Hamilton 20 2 2 1
4 Adam Ginning Jack Rathbone 10 1 2 2
PowerPlay Forward
Center Left Wing Right Wing Time % Phy DF OF
1 Tristen Nielsen Vasily Podkolzin Keegan Kolesar 60 2 1 2
2 Aleksi Heponiemi Cole Reinhardt Jesse Puljujarvi 40 1 1 3
PowerPlay Defense
Defense Defense Time % Phy DF OF
1 Jamie Drysdale Jack Rathbone 60 1 1 3
2 Adam Ginning Brad Lambert 40 2 1 2
Penalty Kill 4 Players Forward
Center Wing Time % Phy DF OF
1 Kevin Stenlund Adam Erne 60 2 2 1
2 Aleksi Heponiemi Keegan Kolesar 40 2 2 1
Penalty Kill 4 Players Defense
Defense Defense Time % Phy DF OF
1 Adam Ginning Jack Rathbone 60 2 1 2
2 Declan Chisholm Robert Hamilton 40 2 2 1
Penalty Kill - 3 Players Forward
Forward Time % Phy DF OF
1 Kevin Stenlund 60 2 2 1
2 Tristen Nielsen 40 2 2 1
Penalty Kill - 3 Players Defense
Defense Defense Time % Phy DF OF
1 Adam Ginning Jack Rathbone 60 2 1 2
2 Declan Chisholm Robert Hamilton 40 2 2 1
4 vs 4 Forward
Center Wing Time % Phy DF OF
1 Aleksi Heponiemi Keegan Kolesar 60 2 1 2
2 Tristen Nielsen Vasily Podkolzin 40 2 1 2
4 vs 4 Defense
Defense Defense Time % Phy DF OF
1 Declan Chisholm Jack Rathbone 60 1 2 2
2 Jamie Drysdale Robert Hamilton 40 2 1 2
Last Minutes Offensive
Center Left Wing Right Wing Defense Defense
Aleksi Heponiemi Vasily Podkolzin Keegan Kolesar Jamie Drysdale Jack Rathbone
Last Minutes Defensive
Center Left Wing Right Wing Defense Defense
Kevin Stenlund Adam Erne Tristen Nielsen Adam Ginning Jack Rathbone
Goaltenders
Starting : Remi Poirier
Backup : Dylan Ferguson
Extra Forwards
Normal : Brad Lambert, Cole Reinhardt, Lucas Edmonds - PP : Brad Lambert, Cole Reinhardt - PK : Dominic Toninato
Extra Defensemen
Normal : Zach Uens, Jamie Drysdale, Adam Ginning - PP : Robert Hamilton - PK : Zach Uens, Jamie Drysdale
Penalty Shots
Tristen Nielsen, Vasily Podkolzin, Keegan Kolesar, Aleksi Heponiemi, Cole Reinhardt
Fort Wayne Komets
5 vs 5 Forward
Center Left Wing Right Wing Time % Phy DF OF
1 Juuso Parssinen Brett Murray Alex Steeves 30 2 2 1
2 Otto Koivula Tye Kartye Jaret Anderson-Dolan 30 2 1 2
3 Adam Klapka Mason Shaw Henry Rybinski 30 1 1 3
4 Nils Aman Egor Afanasyev Brandon Duhaime 10 2 2 1
5 vs 5 Defense
Defense Defense Time % Phy DF OF
1 William Borgen Peetro Seppala 38 1 2 2
2 Tim Berni Louis Crevier 38 1 2 2
3 Casey Fitzgerald Albert Johansson 24 1 3 1
4 William Borgen Tim Berni 0 1 2 2
PowerPlay Forward
Center Left Wing Right Wing Time % Phy DF OF
1 Juuso Parssinen Alex Steeves Jaret Anderson-Dolan 50 0 1 4
2 Otto Koivula Tye Kartye Brett Murray 50 0 1 4
PowerPlay Defense
Defense Defense Time % Phy DF OF
1 William Borgen Tim Berni 50 0 2 3
2 Casey Fitzgerald Louis Crevier 50 0 2 3
Penalty Kill 4 Players Forward
Center Wing Time % Phy DF OF
1 Nils Aman Mason Shaw 50 0 3 2
2 Adam Klapka Brandon Duhaime 50 0 3 2
Penalty Kill 4 Players Defense
Defense Defense Time % Phy DF OF
1 William Borgen Tim Berni 50 0 4 1
2 Casey Fitzgerald Louis Crevier 50 0 4 1
Penalty Kill - 3 Players Forward
Forward Time % Phy DF OF
1 Nils Aman 50 0 4 1
2 Mason Shaw 50 0 4 1
Penalty Kill - 3 Players Defense
Defense Defense Time % Phy DF OF
1 William Borgen Tim Berni 50 0 5 0
2 Casey Fitzgerald Louis Crevier 50 0 5 0
4 vs 4 Forward
Center Wing Time % Phy DF OF
1 Juuso Parssinen Brett Murray 50 1 2 2
2 Otto Koivula Alex Steeves 50 1 2 2
4 vs 4 Defense
Defense Defense Time % Phy DF OF
1 William Borgen Tim Berni 50 1 2 2
2 Casey Fitzgerald Louis Crevier 50 1 2 2
Last Minutes Offensive
Center Left Wing Right Wing Defense Defense
Juuso Parssinen Tye Kartye Jaret Anderson-Dolan William Borgen Tim Berni
Last Minutes Defensive
Center Left Wing Right Wing Defense Defense
Nils Aman Mason Shaw Brandon Duhaime William Borgen Tim Berni
Goaltenders
Starting : Taylor Gauthier
Backup : Devin Cooley
Extra Forwards
Normal : Tye Kartye, Nils Aman, Adam Klapka - PP : Tye Kartye, Nils Aman - PK : Adam Klapka
Extra Defensemen
Normal : Louis Crevier, Casey Fitzgerald, Tim Berni - PP : Louis Crevier - PK : Casey Fitzgerald, Tim Berni
Penalty Shots
Alex Steeves, Brett Murray, Brandon Duhaime, Mason Shaw, Jaret Anderson-Dolan
% Time on Ice - Sarnia Sailors
Lines # - Real PCT - Wanted PCT - Time Play
Normal Forward
1 - 35% - 40% - 17:10
2 - 29% - 30% - 14:02
3 - 23% - 20% - 10:57
4 - 13% - 10% - 6:24
Normal Defense
1 - 40% - 40% - 19:12
2 - 30% - 30% - 14:29
3 - 27% - 20% - 13:12
4 - 3% - 10% - 1:40
PP Forward
1 - 58% - 60% - 3:32
2 - 42% - 40% - 2:33
PP Defense
1 - 65% - 60% - 3:58
2 - 35% - 40% - 2:07
PK Forward
1 - 89% - 60% - 3:48
2 - 11% - 40% - 0:28
PK Defense
1 - 58% - 60% - 2:28
2 - 42% - 40% - 1:48
PK3 Forward
1 - 0% - 60%
2 - 0% - 40%
PK3 Defense
1 - 0% - 60%
2 - 0% - 40%
44 Forward
1 - 0% - 60%
2 - 0% - 40%
44 Defense
1 - 0% - 60%
2 - 0% - 40%
Last Minute Offensive - 0:00
Last Minute Defensive - 1:06
Total
Forward - 60:00
Defense - 60:00
|
% Time on Ice - Fort Wayne Komets
Lines # - Real PCT - Wanted PCT - Time Play
Normal Forward
1 - 28% - 30% - 13:27
2 - 27% - 30% - 13:05
3 - 28% - 30% - 13:37
4 - 17% - 10% - 8:25
Normal Defense
1 - 40% - 38% - 19:21
2 - 38% - 38% - 18:34
3 - 22% - 24% - 10:39
4 - 0% - 0% - 0:00
PP Forward
1 - 51% - 50% - 2:11
2 - 49% - 50% - 2:05
PP Defense
1 - 47% - 50% - 2:01
2 - 53% - 50% - 2:15
PK Forward
1 - 51% - 50% - 3:07
2 - 49% - 50% - 2:58
PK Defense
1 - 52% - 50% - 3:08
2 - 48% - 50% - 2:57
PK3 Forward
1 - 0% - 50%
2 - 0% - 50%
PK3 Defense
1 - 0% - 50%
2 - 0% - 50%
44 Forward
1 - 0% - 50%
2 - 0% - 50%
44 Defense
1 - 0% - 50%
2 - 0% - 50%
Last Minute Offensive - 1:05
Last Minute Defensive - 0:00
Total
Forward - 60:00
Defense - 60:00
|
Play-by-Play
1st period
0:01 of 1st period - Kevin Stenlund wins face-off versus Juuso Parssinen in neutral zone.
0:22 of 1st period - Minor Penalty to Brett Murray for Interference.
0:23 of 1st period - Tristen Nielsen wins face-off versus Nils Aman in Fort Wayne Komets zone.
0:24 of 1st period - Wrist shot by Keegan Kolesar.
0:24 of 1st period - Shot Misses the Net.
0:26 of 1st period - Slapshot by Jamie Drysdale.
0:26 of 1st period - Shot Blocked by Tim Berni.
0:28 of 1st period - Wrist shot by Keegan Kolesar.
0:28 of 1st period - Shot Misses the Net.
0:30 of 1st period - Slapshot by Jamie Drysdale.
0:30 of 1st period - Shot Misses the Net.
0:32 of 1st period - Slapshot by Jack Rathbone.
0:32 of 1st period - Stopped by Taylor Gauthier with a rebound.
0:34 of 1st period - Snap shot by Tristen Nielsen.
0:34 of 1st period - Shot Misses the Net.
0:36 of 1st period - Wrist shot by Tristen Nielsen.
0:36 of 1st period - Shot Misses the Net.
0:38 of 1st period - Wrist shot by Keegan Kolesar.
0:38 of 1st period - Shot Misses the Net.
1:48 of 1st period - Icing by Cole Reinhardt.
1:49 of 1st period - Nils Aman wins face-off versus Aleksi Heponiemi in Sarnia Sailors zone.
2:22 of 1st period - Penalty to Brett Murray is over, Brett Murray is back on ice.
2:38 of 1st period - Wrist shot by Jaret Anderson-Dolan.
2:38 of 1st period - Shot Misses the Net.
2:58 of 1st period - Slapshot by Brett Murray.
2:58 of 1st period - Shot Misses the Net.
3:28 of 1st period - Minor Penalty to Tye Kartye for Hooking.
3:29 of 1st period - Nils Aman wins face-off versus Tristen Nielsen in Fort Wayne Komets zone.
3:45 of 1st period - Slapshot by Keegan Kolesar.
3:45 of 1st period - Stopped by Taylor Gauthier without a rebound.
3:46 of 1st period - Aleksi Heponiemi wins face-off versus Adam Klapka in Fort Wayne Komets zone.
3:49 of 1st period - Slapshot by Aleksi Heponiemi.
3:49 of 1st period - Goal by Aleksi Heponiemi - Sarnia Sailors : 1 - Fort Wayne Komets : 0.
3:50 of 1st period - Kevin Stenlund wins face-off versus Adam Klapka in neutral zone.
4:17 of 1st period - Louis Crevier is hit by Jesse Puljujarvi and loses puck.
5:05 of 1st period - Snap shot by Brad Lambert.
5:05 of 1st period - Shot Misses the Net.
5:42 of 1st period - Jaret Anderson-Dolan is hit by Declan Chisholm and loses puck.
6:05 of 1st period - Snap shot by Cole Reinhardt.
6:05 of 1st period - Stopped by Taylor Gauthier without a rebound.
6:06 of 1st period - Tristen Nielsen wins face-off versus Juuso Parssinen in Fort Wayne Komets zone.
6:07 of 1st period - Snap shot by Cole Reinhardt.
6:07 of 1st period - Stopped by Taylor Gauthier with a rebound.
6:28 of 1st period - Icing by Tristen Nielsen.
6:29 of 1st period - Adam Klapka wins face-off versus Tristen Nielsen in Sarnia Sailors zone.
6:34 of 1st period - Snap shot by Adam Klapka.
6:34 of 1st period - Stopped by Remi Poirier with a rebound.
6:40 of 1st period - Snap shot by Mason Shaw.
6:40 of 1st period - Stopped by Remi Poirier with a rebound.
8:02 of 1st period - Slapshot by Jack Rathbone.
8:02 of 1st period - Stopped by Taylor Gauthier with a rebound.
8:16 of 1st period - Vasily Podkolzin is hit by Tye Kartye and loses puck.
8:21 of 1st period - Slapshot by Jaret Anderson-Dolan.
8:21 of 1st period - Shot Blocked by Vasily Podkolzin.
8:23 of 1st period - Snap shot by William Borgen.
8:23 of 1st period - Shot Blocked by Jack Rathbone.
9:19 of 1st period - Mason Shaw beats up Lucas Edmonds.
9:19 of 1st period - Penalty to Mason Shaw for Fighting.
9:19 of 1st period - Penalty to Lucas Edmonds for Fighting.
9:20 of 1st period - Kevin Stenlund wins face-off versus Henry Rybinski in Fort Wayne Komets zone.
9:47 of 1st period - Aleksi Heponiemi is hit by Louis Crevier and loses puck.
9:54 of 1st period - Snap shot by Jesse Puljujarvi.
9:54 of 1st period - Shot Misses the Net.
10:06 of 1st period - Wrist shot by Brandon Duhaime.
10:06 of 1st period - Shot Blocked by Jack Rathbone.
10:08 of 1st period - Snap shot by Louis Crevier.
10:08 of 1st period - Shot Blocked by Tristen Nielsen.
10:10 of 1st period - Slapshot by Tim Berni.
10:10 of 1st period - Deflect By Cole Reinhardt.
10:10 of 1st period - Stopped by Remi Poirier without a rebound.
10:11 of 1st period - Kevin Stenlund wins face-off versus Nils Aman in Sarnia Sailors zone.
10:59 of 1st period - William Borgen is hit by Brad Lambert and loses puck.
11:52 of 1st period - Adam Klapka is hit by Zach Uens.
12:00 of 1st period - Snap shot by Jesse Puljujarvi.
12:00 of 1st period - Stopped by Taylor Gauthier with a rebound.
12:02 of 1st period - Slapshot by Jesse Puljujarvi.
12:02 of 1st period - Shot Misses the Net.
12:12 of 1st period - Vasily Podkolzin is hit by Tim Berni and loses puck.
13:17 of 1st period - Jesse Puljujarvi is hit by Adam Klapka.
13:49 of 1st period - Off-side.
13:50 of 1st period - Aleksi Heponiemi wins face-off versus Tye Kartye in neutral zone.
14:50 of 1st period - William Borgen is hit by Aleksi Heponiemi and loses puck.
15:30 of 1st period - Slapshot by Mason Shaw.
15:30 of 1st period - Stopped by Remi Poirier with a rebound.
16:18 of 1st period - Snap shot by Henry Rybinski.
16:18 of 1st period - Stopped by Remi Poirier with a rebound.
16:20 of 1st period - Slapshot by Adam Klapka.
16:20 of 1st period - Deflect By Mason Shaw.
16:20 of 1st period - Shot Blocked by Aleksi Heponiemi.
16:20 of 1st period - Puck is out of play.
16:21 of 1st period - Adam Klapka wins face-off versus Kevin Stenlund in Sarnia Sailors zone.
17:34 of 1st period - Brandon Duhaime is hit by Jack Rathbone and loses puck.
17:49 of 1st period - Snap shot by Otto Koivula.
17:49 of 1st period - Stopped by Remi Poirier without a rebound.
17:50 of 1st period - Otto Koivula wins face-off versus Kevin Stenlund in Sarnia Sailors zone.
17:58 of 1st period - Icing by Keegan Kolesar.
17:59 of 1st period - Kevin Stenlund wins face-off versus Otto Koivula in Sarnia Sailors zone.
18:06 of 1st period - Backhand shot by Jaret Anderson-Dolan.
18:06 of 1st period - Deflect By Jamie Drysdale.
18:06 of 1st period - Shot Misses the Net.
18:06 of 1st period - Puck is out of play.
18:07 of 1st period - Kevin Stenlund wins face-off versus Otto Koivula in Sarnia Sailors zone.
18:41 of 1st period - Snap shot by Lucas Edmonds.
18:41 of 1st period - Deflect By Tristen Nielsen.
18:41 of 1st period - Shot Misses the Net.
18:41 of 1st period - Puck is out of play.
18:42 of 1st period - Juuso Parssinen wins face-off versus Vasily Podkolzin in Fort Wayne Komets zone.
18:42 of 1st period - Juuso Parssinen is hit by Keegan Kolesar.
19:18 of 1st period - Snap shot by Jesse Puljujarvi.
19:18 of 1st period - Shot Blocked by Henry Rybinski.
19:20 of 1st period - Snap shot by Adam Erne.
19:20 of 1st period - Shot Misses the Net.
19:34 of 1st period - Backhand shot by Nils Aman.
19:34 of 1st period - Goal by Nils Aman - Sarnia Sailors : 1 - Fort Wayne Komets : 1.
19:35 of 1st period - Juuso Parssinen wins face-off versus Kevin Stenlund in neutral zone.
Goals for this period are 1 for Sarnia Sailors vs 1 for Fort Wayne Komets.
Shots for this period are 7 for Sarnia Sailors vs 7 for Fort Wayne Komets.
2nd period
0:01 of 2nd period - Kevin Stenlund wins face-off versus Mason Shaw in neutral zone.
0:12 of 2nd period - Slapshot by Henry Rybinski.
0:12 of 2nd period - Shot Misses the Net.
0:14 of 2nd period - Wrist shot by Adam Klapka.
0:14 of 2nd period - Shot Blocked by Vasily Podkolzin.
0:16 of 2nd period - Wrist shot by Henry Rybinski.
0:16 of 2nd period - Shot Misses the Net.
0:36 of 2nd period - Snap shot by Adam Erne.
0:36 of 2nd period - Shot Misses the Net.
1:08 of 2nd period - Icing by Juuso Parssinen.
1:09 of 2nd period - Keegan Kolesar wins face-off versus Juuso Parssinen in Fort Wayne Komets zone.
1:10 of 2nd period - Snap shot by Vasily Podkolzin.
1:10 of 2nd period - Shot Misses the Net.
1:12 of 2nd period - Snap shot by Vasily Podkolzin.
1:12 of 2nd period - Shot Misses the Net.
1:14 of 2nd period - Slapshot by Keegan Kolesar.
1:14 of 2nd period - Stopped by Taylor Gauthier with a rebound.
1:20 of 2nd period - Alex Steeves is hit by Jamie Drysdale.
1:30 of 2nd period - Wrist shot by Juuso Parssinen.
1:30 of 2nd period - Deflect By Adam Erne.
1:30 of 2nd period - Stopped by Remi Poirier without a rebound.
1:31 of 2nd period - Mason Shaw wins face-off versus Aleksi Heponiemi in Sarnia Sailors zone.
1:44 of 2nd period - Slapshot by Jesse Puljujarvi.
1:44 of 2nd period - Stopped by Taylor Gauthier with a rebound.
1:52 of 2nd period - Minor Penalty to Mason Shaw for Slashing.
1:53 of 2nd period - Nils Aman wins face-off versus Tristen Nielsen in Fort Wayne Komets zone.
2:08 of 2nd period - Snap shot by Keegan Kolesar.
2:08 of 2nd period - Stopped by Taylor Gauthier with a rebound.
2:22 of 2nd period - Slapshot by Jesse Puljujarvi.
2:22 of 2nd period - Goal by Jesse Puljujarvi - Sarnia Sailors : 2 - Fort Wayne Komets : 1.
2:23 of 2nd period - Otto Koivula wins face-off versus Kevin Stenlund in neutral zone.
2:32 of 2nd period - Slapshot by Keegan Kolesar.
2:32 of 2nd period - Shot Blocked by Tye Kartye.
2:34 of 2nd period - Snap shot by Adam Ginning.
2:34 of 2nd period - Stopped by Taylor Gauthier with a rebound.
2:36 of 2nd period - Wrist shot by Kevin Stenlund.
2:36 of 2nd period - Stopped by Taylor Gauthier without a rebound.
2:37 of 2nd period - Adam Klapka wins face-off versus Aleksi Heponiemi in Fort Wayne Komets zone.
2:46 of 2nd period - Backhand shot by Henry Rybinski.
2:46 of 2nd period - Stopped by Remi Poirier without a rebound.
2:47 of 2nd period - Adam Klapka wins face-off versus Adam Erne in Sarnia Sailors zone.
2:48 of 2nd period - Wrist shot by Mason Shaw.
2:48 of 2nd period - Shot Hit the Post.
3:02 of 2nd period - Wrist shot by Jesse Puljujarvi.
3:02 of 2nd period - Shot Blocked by Tim Berni.
3:13 of 2nd period - Wrist shot by Adam Erne.
3:13 of 2nd period - Shot Blocked by Tim Berni.
3:15 of 2nd period - Snap shot by Jesse Puljujarvi.
3:15 of 2nd period - Stopped by Taylor Gauthier with a rebound.
3:17 of 2nd period - Wrist shot by Aleksi Heponiemi.
3:17 of 2nd period - Shot Misses the Net.
3:19 of 2nd period - Wrist shot by Aleksi Heponiemi.
3:19 of 2nd period - Stopped by Taylor Gauthier without a rebound.
3:20 of 2nd period - Otto Koivula wins face-off versus Kevin Stenlund in Fort Wayne Komets zone.
3:33 of 2nd period - Slapshot by Jaret Anderson-Dolan.
3:33 of 2nd period - Stopped by Remi Poirier with a rebound.
3:52 of 2nd period - Wrist shot by Juuso Parssinen.
3:52 of 2nd period - Shot Misses the Net.
4:08 of 2nd period - Casey Fitzgerald is hit by Daniel Torgersson and loses puck.
4:24 of 2nd period - Icing by Albert Johansson.
4:25 of 2nd period - Adam Klapka wins face-off versus Aleksi Heponiemi in Fort Wayne Komets zone.
5:00 of 2nd period - Snap shot by Brett Murray.
5:00 of 2nd period - Stopped by Remi Poirier without a rebound.
5:01 of 2nd period - Tristen Nielsen wins face-off versus Adam Klapka in Sarnia Sailors zone.
5:01 of 2nd period - Tristen Nielsen is hit by Adam Klapka.
5:11 of 2nd period - Slapshot by Jack Rathbone.
5:11 of 2nd period - Deflect By Cole Reinhardt.
5:11 of 2nd period - Shot Misses the Net.
5:11 of 2nd period - Puck is out of play.
5:12 of 2nd period - Vasily Podkolzin wins face-off versus Otto Koivula in Fort Wayne Komets zone.
5:24 of 2nd period - Minor Penalty to Otto Koivula for Holding.
5:25 of 2nd period - Adam Klapka wins face-off versus Tristen Nielsen in Fort Wayne Komets zone.
5:34 of 2nd period - Snap shot by Tristen Nielsen.
5:34 of 2nd period - Stopped by Taylor Gauthier with a rebound.
5:38 of 2nd period - Snap shot by Vasily Podkolzin.
5:38 of 2nd period - Stopped by Taylor Gauthier with a rebound.
5:50 of 2nd period - Aleksi Heponiemi is hit by Tim Berni and loses puck.
5:57 of 2nd period - Snap shot by Nils Aman.
5:57 of 2nd period - Stopped by Remi Poirier without a rebound.
5:58 of 2nd period - Tristen Nielsen wins face-off versus Nils Aman in Sarnia Sailors zone.
6:03 of 2nd period - Slapshot by Vasily Podkolzin.
6:03 of 2nd period - Deflect By Keegan Kolesar.
6:03 of 2nd period - Shot Blocked by Louis Crevier.
6:03 of 2nd period - Puck is out of play.
6:04 of 2nd period - Nils Aman wins face-off versus Tristen Nielsen in Fort Wayne Komets zone.
6:15 of 2nd period - Wrist shot by Keegan Kolesar.
6:15 of 2nd period - Shot Misses the Net.
6:38 of 2nd period - Snap shot by Jesse Puljujarvi.
6:38 of 2nd period - Goal by Jesse Puljujarvi - Sarnia Sailors : 3 - Fort Wayne Komets : 1.
6:39 of 2nd period - Kevin Stenlund wins face-off versus Otto Koivula in neutral zone.
7:31 of 2nd period - Slapshot by Cole Reinhardt.
7:31 of 2nd period - Stopped by Taylor Gauthier with a rebound.
7:35 of 2nd period - Snap shot by Lucas Edmonds.
7:35 of 2nd period - Shot Blocked by Louis Crevier.
7:37 of 2nd period - Snap shot by Cole Reinhardt.
7:37 of 2nd period - Stopped by Taylor Gauthier without a rebound.
7:38 of 2nd period - Juuso Parssinen wins face-off versus Keegan Kolesar in Fort Wayne Komets zone.
7:47 of 2nd period - Snap shot by Kevin Stenlund.
7:47 of 2nd period - Stopped by Taylor Gauthier with a rebound.
8:09 of 2nd period - Snap shot by Otto Koivula.
8:09 of 2nd period - Stopped by Remi Poirier with a rebound.
8:11 of 2nd period - Wrist shot by Jaret Anderson-Dolan.
8:11 of 2nd period - Shot Misses the Net.
8:13 of 2nd period - Slapshot by Otto Koivula.
8:13 of 2nd period - Shot Misses the Net.
8:26 of 2nd period - Mason Shaw and Cole Reinhardt fight to a draw.
8:26 of 2nd period - Penalty to Mason Shaw for Fighting.
8:26 of 2nd period - Penalty to Cole Reinhardt for Fighting.
8:26 of 2nd period - Penalty to Cole Reinhardt for instigated a fight.
8:26 of 2nd period - Penalty to Cole Reinhardt for instigated a fight.
8:27 of 2nd period - Kevin Stenlund wins face-off versus Juuso Parssinen in Fort Wayne Komets zone.
8:34 of 2nd period - Wrist shot by Adam Erne.
8:34 of 2nd period - Shot Misses the Net.
10:26 of 2nd period - Penalty to Cole Reinhardt is over, Brad Lambert is send on ice.
10:32 of 2nd period - Nils Aman is hit by Tristen Nielsen.
11:01 of 2nd period - Vasily Podkolzin is hit by Peetro Seppala and loses puck.
11:12 of 2nd period - Jamie Drysdale is hit by Peetro Seppala.
12:07 of 2nd period - Snap shot by Dominic Toninato.
12:07 of 2nd period - Shot Misses the Net.
13:54 of 2nd period - Slapshot by William Borgen.
13:54 of 2nd period - Stopped by Remi Poirier with a rebound.
14:21 of 2nd period - Off-side.
14:22 of 2nd period - Nils Aman wins face-off versus Tristen Nielsen in neutral zone.
14:27 of 2nd period - Wrist shot by Nils Aman.
14:27 of 2nd period - Shot Misses the Net.
14:46 of 2nd period - Off-side.
14:47 of 2nd period - Henry Rybinski wins face-off versus Kevin Stenlund in neutral zone.
14:50 of 2nd period - Snap shot by William Borgen.
14:50 of 2nd period - Shot Blocked by Vasily Podkolzin.
14:52 of 2nd period - Slapshot by Mason Shaw.
14:52 of 2nd period - Stopped by Remi Poirier with a rebound.
14:54 of 2nd period - Snap shot by Mason Shaw.
14:54 of 2nd period - Shot Misses the Net.
15:17 of 2nd period - Tim Berni is hit by Robert Hamilton and loses puck.
15:39 of 2nd period - Adam Erne is hit by Nils Aman and loses puck.
16:49 of 2nd period - Snap shot by Juuso Parssinen.
16:49 of 2nd period - Shot Misses the Net.
17:05 of 2nd period - Minor Penalty to Brandon Duhaime for Hooking.
17:06 of 2nd period - Tristen Nielsen wins face-off versus Adam Klapka in Fort Wayne Komets zone.
17:07 of 2nd period - Wrist shot by Keegan Kolesar.
17:07 of 2nd period - Goal by Keegan Kolesar - Sarnia Sailors : 4 - Fort Wayne Komets : 1.
17:08 of 2nd period - Kevin Stenlund wins face-off versus Otto Koivula in neutral zone.
17:33 of 2nd period - Brett Murray is hit by Aleksi Heponiemi and loses puck.
17:40 of 2nd period - Snap shot by Juuso Parssinen.
17:40 of 2nd period - Stopped by Remi Poirier with a rebound.
17:42 of 2nd period - Slapshot by William Borgen.
17:42 of 2nd period - Shot Blocked by Adam Erne.
17:48 of 2nd period - Minor Penalty to Adam Erne for Roughing.
17:49 of 2nd period - Otto Koivula wins face-off versus Kevin Stenlund in Sarnia Sailors zone.
17:54 of 2nd period - Slapshot by Kevin Stenlund.
17:54 of 2nd period - Stopped by Taylor Gauthier with a rebound.
19:12 of 2nd period - Brad Lambert is hit by Brett Murray and loses puck.
19:45 of 2nd period - Slapshot by Tristen Nielsen.
19:45 of 2nd period - Stopped by Taylor Gauthier with a rebound.
19:48 of 2nd period - Penalty to Adam Erne is over, Adam Erne is back on ice.
Goals for this period are 3 for Sarnia Sailors vs 0 for Fort Wayne Komets.
Shots for this period are 17 for Sarnia Sailors vs 9 for Fort Wayne Komets.
3rd period
0:01 of 3rd period - Kevin Stenlund wins face-off versus Juuso Parssinen in neutral zone.
0:26 of 3rd period - Otto Koivula is hit by Adam Erne and loses puck.
1:03 of 3rd period - Off-side.
1:04 of 3rd period - Kevin Stenlund wins face-off versus Nils Aman in neutral zone.
1:24 of 3rd period - Icing by Brandon Duhaime.
1:25 of 3rd period - Aleksi Heponiemi wins face-off versus Nils Aman in Fort Wayne Komets zone.
1:32 of 3rd period - Snap shot by Jesse Puljujarvi.
1:32 of 3rd period - Stopped by Taylor Gauthier without a rebound.
1:33 of 3rd period - Aleksi Heponiemi wins face-off versus Otto Koivula in Fort Wayne Komets zone.
1:34 of 3rd period - Wrist shot by Jesse Puljujarvi.
1:34 of 3rd period - Stopped by Taylor Gauthier with a rebound.
1:48 of 3rd period - Otto Koivula is hit by Adam Ginning and loses puck.
2:19 of 3rd period - Wrist shot by Jaret Anderson-Dolan.
2:19 of 3rd period - Deflect By Tye Kartye.
2:19 of 3rd period - Shot Hit the Post.
2:19 of 3rd period - Puck is out of play.
2:20 of 3rd period - Kevin Stenlund wins face-off versus Juuso Parssinen in Sarnia Sailors zone.
2:25 of 3rd period - Snap shot by Declan Chisholm.
2:25 of 3rd period - Shot Blocked by William Borgen.
2:54 of 3rd period - Wrist shot by Brandon Duhaime.
2:54 of 3rd period - Stopped by Remi Poirier with a rebound.
2:56 of 3rd period - Snap shot by Brandon Duhaime.
2:56 of 3rd period - Stopped by Remi Poirier without a rebound.
2:57 of 3rd period - Adam Klapka wins face-off versus Brad Lambert in Sarnia Sailors zone.
2:58 of 3rd period - Snap shot by Mason Shaw.
2:58 of 3rd period - Stopped by Remi Poirier with a rebound.
3:09 of 3rd period - Snap shot by Adam Klapka.
3:09 of 3rd period - Deflect By Mason Shaw.
3:09 of 3rd period - Stopped by Remi Poirier without a rebound.
3:10 of 3rd period - Aleksi Heponiemi wins face-off versus Juuso Parssinen in Sarnia Sailors zone.
3:10 of 3rd period - Aleksi Heponiemi is hit by Alex Steeves.
3:26 of 3rd period - 10 Minutes Misconduct Penalty to Cole Reinhardt is over.
4:07 of 3rd period - Slapshot by Nils Aman.
4:07 of 3rd period - Shot Misses the Net.
5:28 of 3rd period - Off-side.
5:29 of 3rd period - Tristen Nielsen wins face-off versus Nils Aman in neutral zone.
5:36 of 3rd period - Snap shot by Tristen Nielsen.
5:36 of 3rd period - Stopped by Taylor Gauthier with a rebound.
5:38 of 3rd period - Slapshot by Lucas Edmonds.
5:38 of 3rd period - Shot Blocked by Louis Crevier.
5:40 of 3rd period - Wrist shot by Tristen Nielsen.
5:40 of 3rd period - Goal by Tristen Nielsen - Sarnia Sailors : 5 - Fort Wayne Komets : 1.
5:41 of 3rd period - Kevin Stenlund wins face-off versus Juuso Parssinen in neutral zone.
5:41 of 3rd period - Juuso Parssinen and Keegan Kolesar fight to a draw.
5:41 of 3rd period - Penalty to Juuso Parssinen for Fighting.
5:41 of 3rd period - Penalty to Keegan Kolesar for Fighting.
5:42 of 3rd period - Alex Steeves wins face-off versus Kevin Stenlund in neutral zone.
5:45 of 3rd period - Snap shot by Peetro Seppala.
5:45 of 3rd period - Stopped by Remi Poirier with a rebound.
5:58 of 3rd period - Tye Kartye is hit by Kevin Stenlund and loses puck.
6:11 of 3rd period - Wrist shot by Mason Shaw.
6:11 of 3rd period - Stopped by Remi Poirier with a rebound.
6:13 of 3rd period - Slapshot by William Borgen.
6:13 of 3rd period - Stopped by Remi Poirier without a rebound.
6:14 of 3rd period - Aleksi Heponiemi wins face-off versus Mason Shaw in Sarnia Sailors zone.
6:19 of 3rd period - Snap shot by Adam Erne.
6:19 of 3rd period - Deflect By Aleksi Heponiemi.
6:19 of 3rd period - Shot Misses the Net.
6:19 of 3rd period - Puck is out of play.
6:20 of 3rd period - Aleksi Heponiemi wins face-off versus Tye Kartye in Fort Wayne Komets zone.
6:24 of 3rd period - Minor Penalty to Alex Steeves for High sticking.
6:25 of 3rd period - Tristen Nielsen wins face-off versus Adam Klapka in Fort Wayne Komets zone.
6:29 of 3rd period - Slapshot by Tristen Nielsen.
6:29 of 3rd period - Shot Blocked by Brandon Duhaime.
6:31 of 3rd period - Wrist shot by Tristen Nielsen.
6:31 of 3rd period - Shot Blocked by William Borgen.
6:33 of 3rd period - Slapshot by Jack Rathbone.
6:33 of 3rd period - Shot Misses the Net.
6:35 of 3rd period - Slapshot by Brad Lambert.
6:35 of 3rd period - Deflect By Tristen Nielsen.
6:35 of 3rd period - Shot Blocked by Adam Klapka.
6:35 of 3rd period - Puck is out of play.
6:36 of 3rd period - Mason Shaw wins face-off versus Tristen Nielsen in Fort Wayne Komets zone.
7:01 of 3rd period - Aleksi Heponiemi is hit by Tim Berni and loses puck.
7:59 of 3rd period - Jamie Drysdale is hit by Nils Aman and loses puck.
8:24 of 3rd period - Penalty to Alex Steeves is over, Alex Steeves is back on ice.
8:34 of 3rd period - Tye Kartye is hit by Adam Ginning and loses puck.
8:46 of 3rd period - Icing by Lucas Edmonds.
8:47 of 3rd period - Brett Murray wins face-off versus Adam Erne in Sarnia Sailors zone.
8:54 of 3rd period - Brett Murray is hit by Adam Erne and loses puck.
9:09 of 3rd period - Wrist shot by Kevin Stenlund.
9:09 of 3rd period - Shot Misses the Net.
9:11 of 3rd period - Slapshot by Adam Ginning.
9:11 of 3rd period - Stopped by Taylor Gauthier with a rebound.
9:13 of 3rd period - Snap shot by Lucas Edmonds.
9:13 of 3rd period - Shot Misses the Net.
9:15 of 3rd period - Slapshot by Robert Hamilton.
9:15 of 3rd period - Deflect By Kevin Stenlund.
9:15 of 3rd period - Stopped by Taylor Gauthier without a rebound.
9:16 of 3rd period - Adam Klapka wins face-off versus Brad Lambert in Fort Wayne Komets zone.
9:30 of 3rd period - Declan Chisholm is hit by Adam Klapka and loses puck.
9:46 of 3rd period - Slapshot by Alex Steeves.
9:46 of 3rd period - Shot Misses the Net.
9:58 of 3rd period - Brett Murray is hit by Adam Erne and loses puck.
10:17 of 3rd period - Snap shot by Alex Steeves.
10:17 of 3rd period - Goal by Alex Steeves - Sarnia Sailors : 5 - Fort Wayne Komets : 2.
10:18 of 3rd period - Kevin Stenlund wins face-off versus Adam Klapka in neutral zone.
11:10 of 3rd period - Jamie Drysdale is hit by William Borgen and loses puck.
11:26 of 3rd period - Off-side.
11:27 of 3rd period - Kevin Stenlund wins face-off versus Nils Aman in neutral zone.
11:51 of 3rd period - Icing by Kevin Stenlund.
11:52 of 3rd period - Aleksi Heponiemi wins face-off versus Jaret Anderson-Dolan in Sarnia Sailors zone.
12:13 of 3rd period - Minor Penalty to Adam Erne for Hooking.
12:14 of 3rd period - Juuso Parssinen wins face-off versus Kevin Stenlund in Sarnia Sailors zone.
12:19 of 3rd period - Wrist shot by Jaret Anderson-Dolan.
12:19 of 3rd period - Stopped by Remi Poirier without a rebound.
12:20 of 3rd period - Jaret Anderson-Dolan wins face-off versus Kevin Stenlund in Sarnia Sailors zone.
12:31 of 3rd period - Snap shot by Jaret Anderson-Dolan.
12:31 of 3rd period - Goal by Jaret Anderson-Dolan - Sarnia Sailors : 5 - Fort Wayne Komets : 3.
12:32 of 3rd period - Kevin Stenlund wins face-off versus Adam Klapka in neutral zone.
12:43 of 3rd period - Wrist shot by Mason Shaw.
12:43 of 3rd period - Stopped by Remi Poirier with a rebound.
12:45 of 3rd period - Slapshot by Tim Berni.
12:45 of 3rd period - Stopped by Remi Poirier with a rebound.
12:47 of 3rd period - Snap shot by Louis Crevier.
12:47 of 3rd period - Stopped by Remi Poirier with a rebound.
13:39 of 3rd period - Off-side.
13:40 of 3rd period - Dominic Toninato wins face-off versus Nils Aman in neutral zone.
13:51 of 3rd period - Snap shot by Dominic Toninato.
13:51 of 3rd period - Shot Misses the Net.
14:13 of 3rd period - Snap shot by Zach Uens.
14:13 of 3rd period - Shot Misses the Net.
14:23 of 3rd period - Slapshot by Daniel Torgersson.
14:23 of 3rd period - Shot Misses the Net.
14:27 of 3rd period - Snap shot by Dominic Toninato.
14:27 of 3rd period - Goal by Dominic Toninato - Sarnia Sailors : 6 - Fort Wayne Komets : 3.
14:28 of 3rd period - Kevin Stenlund wins face-off versus Adam Klapka in neutral zone.
14:38 of 3rd period - Wrist shot by Mason Shaw.
14:38 of 3rd period - Stopped by Remi Poirier without a rebound.
14:39 of 3rd period - Mason Shaw wins face-off versus Kevin Stenlund in Sarnia Sailors zone.
14:42 of 3rd period - Wrist shot by Mason Shaw.
14:42 of 3rd period - Shot Blocked by Jack Rathbone.
14:44 of 3rd period - Snap shot by Mason Shaw.
14:44 of 3rd period - Goal by Mason Shaw - Sarnia Sailors : 6 - Fort Wayne Komets : 4.
14:45 of 3rd period - Keegan Kolesar wins face-off versus Mason Shaw in neutral zone.
15:21 of 3rd period - Wrist shot by Jesse Puljujarvi.
15:21 of 3rd period - Deflect By Aleksi Heponiemi.
15:21 of 3rd period - Stopped by Taylor Gauthier with a rebound.
15:41 of 3rd period - Slapshot by Adam Ginning.
15:41 of 3rd period - Shot Blocked by William Borgen.
15:43 of 3rd period - Snap shot by Cole Reinhardt.
15:43 of 3rd period - Shot Misses the Net.
16:03 of 3rd period - Wrist shot by Dominic Toninato.
16:03 of 3rd period - Shot Blocked by Peetro Seppala.
16:15 of 3rd period - Wrist shot by Nils Aman.
16:15 of 3rd period - Stopped by Remi Poirier with a rebound.
16:17 of 3rd period - Slapshot by Peetro Seppala.
16:17 of 3rd period - Shot Blocked by Keegan Kolesar.
16:21 of 3rd period - Wrist shot by Brandon Duhaime.
16:21 of 3rd period - Shot Misses the Net.
16:45 of 3rd period - Wrist shot by Jesse Puljujarvi.
16:45 of 3rd period - Shot Blocked by Tim Berni.
16:56 of 3rd period - Off-side.
16:57 of 3rd period - Tristen Nielsen wins face-off versus Otto Koivula in neutral zone.
17:00 of 3rd period - Otto Koivula is hit by Tristen Nielsen and loses puck.
17:05 of 3rd period - Snap shot by Lucas Edmonds.
17:05 of 3rd period - Stopped by Taylor Gauthier without a rebound.
17:06 of 3rd period - Adam Klapka wins face-off versus Tristen Nielsen in Fort Wayne Komets zone.
17:11 of 3rd period - Wrist shot by Casey Fitzgerald.
17:11 of 3rd period - Stopped by Remi Poirier with a rebound.
17:13 of 3rd period - Slapshot by Casey Fitzgerald.
17:13 of 3rd period - Stopped by Remi Poirier with a rebound.
17:15 of 3rd period - Wrist shot by Adam Klapka.
17:15 of 3rd period - Goal by Adam Klapka - Sarnia Sailors : 6 - Fort Wayne Komets : 5.
17:16 of 3rd period - Tristen Nielsen wins face-off versus Adam Klapka in neutral zone.
17:19 of 3rd period - Slapshot by Declan Chisholm.
17:19 of 3rd period - Deflect By Tristen Nielsen.
17:19 of 3rd period - Shot Blocked by Louis Crevier.
17:19 of 3rd period - Puck is out of play.
17:20 of 3rd period - Henry Rybinski wins face-off versus Tristen Nielsen in Fort Wayne Komets zone.
17:20 of 3rd period - Henry Rybinski is hit by Tristen Nielsen.
17:53 of 3rd period - Wrist shot by Vasily Podkolzin.
17:53 of 3rd period - Stopped by Taylor Gauthier without a rebound.
17:54 of 3rd period - Juuso Parssinen wins face-off versus Kevin Stenlund in Fort Wayne Komets zone.
18:20 of 3rd period - Adam Ginning is hit by Adam Klapka and loses puck.
19:10 of 3rd period - Slapshot by Kevin Stenlund.
19:10 of 3rd period - Stopped by Taylor Gauthier with a rebound.
19:12 of 3rd period - Slapshot by Jack Rathbone.
19:12 of 3rd period - Deflect By Kevin Stenlund.
19:12 of 3rd period - Shot Misses the Net.
19:12 of 3rd period - Puck is out of play.
19:13 of 3rd period - Karl Taylor call a timeout for Fort Wayne Komets.
19:13 of 3rd period - Juuso Parssinen wins face-off versus Kevin Stenlund in Fort Wayne Komets zone.
19:23 of 3rd period - Fort Wayne Komets, Taylor Gauthier is pulled from the net.
19:23 of 3rd period - Slapshot by William Borgen.
19:23 of 3rd period - Stopped by Remi Poirier without a rebound.
19:24 of 3rd period - Kevin Stenlund wins face-off versus Juuso Parssinen in Sarnia Sailors zone.
19:24 of 3rd period - Kevin Stenlund is hit by Juuso Parssinen.
19:37 of 3rd period - Off-side.
19:38 of 3rd period - Juuso Parssinen wins face-off versus Kevin Stenlund in neutral zone.
19:41 of 3rd period - Adam Erne is hit by Tye Kartye.
19:58 of 3rd period - Off-side.
19:59 of 3rd period - Juuso Parssinen wins face-off versus Kevin Stenlund in neutral zone.
Goals for this period are 2 for Sarnia Sailors vs 4 for Fort Wayne Komets.
Shots for this period are 11 for Sarnia Sailors vs 20 for Fort Wayne Komets.
Back to the Top